 Dungeon Crawl Stone Soup version 0.23-a0-844-gdc03e01 (console) character file.

102 bli the Slasher (level 4, 0/35 HPs)
             Began as a Merfolk Monk on Jan 26, 2019.
             Slain by a gnoll
             ... wielding a +0 halberd
              (8 damage)
             ... on level 2 of the Dungeon.
             The game lasted 00:06:05 (2278 turns).

bli the Slasher (Merfolk Monk)                      Turns: 2278, Time: 00:06:05

Health: 0/35       AC:  3    Str: 11    XL:     4   Next: 77%
Magic:  4/4        EV: 14    Int:  9    God:
Gold:   57         SH:  0    Dex: 17    Spells: 3/3 levels left

rFire    . . .     SeeInvis .   b - +0 falchion
rCold    . . .     Gourm    .   (no shield)
rNeg     . . .     Faith    .   i - +0 robe
rPois    .         Spirit   .   (no helmet)
rElec    .         Reflect  .   (no cloak)
rCorr    .         Harm     .   (no gloves)
MR       .....                  m - +0 pair of boots (curse)
Stlth    ++........             (no amulet)
HPRegen  0.11/turn              (no ring)
MPRegen  0.09/turn              (no ring)

@: no status effects
A: change form in water, swift swim, stealthy swim
a: no special abilities


You were on level 2 of the Dungeon.
You were not hungry.

You visited 1 branch of the dungeon, and saw 2 of its levels.

You collected 57 gold pieces.

Inventory:

Hand Weapons
 a - a +4 dagger
 b - a +0 falchion (weapon)
 g - a +0 dagger
Missiles
 d - 8 javelins (quivered)
Armour
 i - a +0 robe (worn)
 m - a cursed +0 pair of boots (worn)
Scrolls
 e - a scroll of magic mapping {unknown}
 f - a scroll of teleportation {unknown}
 k - a scroll of identify {unknown}
Potions
 j - a potion of curing {unknown}
 l - a potion of ambrosia {unknown}
Comestibles
 c - 4 rations
 h - a chunk of flesh


   Skills:
 - Level 3.2 Fighting
 * Level 1.3(4.0) Short Blades
 + Level 5.4(5.5) Long Blades
 + Level 4.1 Dodging
 * Level 2.5 Stealth


You had 3 spell levels left.
You didn't know any spells.
Your spell library was empty.

Dungeon Overview and Level Annotations

Branches:
Dungeon (2/15)

Altars:


Message History

You hit the gnoll.
The gnoll is heavily wounded.
You closely miss the gnoll.
The gnoll is heavily wounded.
The gnoll closely misses you.
You hit the gnoll.
The gnoll is severely wounded.
The gnoll barely misses you.
You hit the gnoll but do no damage.
The gnoll is severely wounded.
The gnoll hits you with a +0 halberd!
* * * LOW HITPOINT WARNING * * *
You hit the gnoll.
The gnoll is almost dead.
The gnoll misses you.
You riposte.
You hit the gnoll but do no damage.
The gnoll is almost dead.
You hit the gnoll but do no damage.
The gnoll is almost dead.
The gnoll hits you with a +0 halberd!
You die...

######## #......# ##......#######
..............##########
..........###..........######
##......#...##########......###
#.......##.......# ######...###
####.##..#######.###### #.......
#.###.)..#.).......# #.......
#.######...g@....#.###....<..
#.##...##..####(.........(...
#.##....).## ##...###.......
#####.##...#...# ###.###.......
......###..##..### #(..........
......####.##w...# #.###.......
..............##..####...........
......####...)###.......#########
......####..#.<...##...##
........##..#####.##..###
.....รท#..#..# #.......#


You could see a gnoll.

Vanquished Creatures
  A gnoll (D:2)
  An adder (D:1)
  An ooze (D:2)
  2 worms (D:2)
  2 dart slugs (D:1)
  4 bats (D:1)
  8 giant cockroaches
  11 hobgoblins
  10 jackals
  2 quokkas (D:2)
  4 frilled lizards
  4 goblins
  7 kobolds
  3 rats
60 creatures vanquished.

Notes
Turn   | Place    | Note
-------+----------+-------------------------------------------
     0 | D:1      | bli the Merfolk Monk began the quest for the Orb.
     0 | D:1      | Reached XP level 1. HP: 18/18 MP: 1/1
   122 | D:1      | Reached XP level 2. HP: 19/24 MP: 2/2
   123 | D:1      | Reached skill level 4 in Long Blades
   660 | D:1      | Reached XP level 3. HP: 23/29 MP: 3/3
  1017 | D:1      | Reached skill level 5 in Long Blades
  1189 | D:2      | Reached XP level 4. HP: 26/35 MP: 4/4
  1218 | D:2      | Reached skill level 1 in Short Blades
  2278 | D:2      | Slain by a gnoll

Vault maps used:
D:1:      giann_wishing_wells, minmay_misc_feat_five, minmay_misc_feat_tiny
D:2:      first_ration

Skill      XL: |  1  2  3  4 |
---------------+-------------+-----
Long Blades    | 4 5 |  5.4
Short Blades   | 1 |  1.3
Fighting       | |  3.2
Dodging        | |  4.1
Stealth        | |  2.5

Action                   |  1- 3 |  4- 6 || total
-------------------------+-------+-------++-------
Melee: Falchion          |   111 |    90 ||   201
       Dagger            |    34 |       ||    34
 Stab: Sleeping          |     5 |       ||     5
  Eat: Chunk             |     1 |     4 ||     5
Armor: Robe              |    19 |    13 ||    32
Dodge: Dodged            |   111 |    73 ||   184
       Rpst.: Falchion   |    26 |    27 ||    53

Table legend:
 A = Non-vault XP
 B = Vault XP
 C = Vault XP percentage of total XP
 D = Non-vault monster count
 E = Vault monster count
 F = Vault count percentage of total count
                 A         B        C        D         E       F
            +---------+---------+-------+---------+---------+-------
      Total |     146 |       0 |   0.0 |      60 |       0 |   0.0
            +---------+---------+-------+---------+---------+-------
        D:1 |      85 |       0 |   0.0 |      39 |       0 |   0.0
        D:2 |      61 |       0 |   0.0 |      21 |       0 |   0.0
            +---------+---------+-------+---------+---------+-------
